 Dungeon Crawl Stone Soup version 0.14.2 (webtiles) character file.

166 dngmouse the Shooter (level 4, -1/29 HPs)
             Began as a High Elf Arcane Marksman on May 31, 2015.
             Slain by a gnoll
             ... wielding a +0,+0 halberd
              (9 damage)
             ... on Level 2 of the Dungeon.
             The game lasted 00:24:42 (2811 turns).

dngmouse the Shooter (High Elf Arcane Marksman)     Turns: 2811, Time: 00:24:42

HP  -1/29        AC  4     Str 10      XL: 4   Next: 66%
MP   7/9         EV 12     Int 17      God:
Gold 52          SH  0     Dex 15      Spells:  2 memorised,  2 levels left

rFire  . . .     SeeInvis .     a - +2 falchion
rCold  . . .     Clarity  .     s - +1 leather armour
rNeg   . . .     Conserve .     (no shield)
rPois  .         rCorr    .     (no helmet)
rElec  .         rRot     .     (no cloak)
SustAb . .       Spirit   .     (no gloves)
rMut   .         Warding  .     (no boots)
Saprov . . .     Stasis   .     (no amulet)
MR     .....                    (no ring)
                                (no ring)

@: not resistant to hostile enchantments, unstealthy
A: no striking features
a: no special abilities


You were on level 2 of the Dungeon.
You were not hungry.

You visited 1 branch of the dungeon, and saw 2 of its levels.

You collected 52 gold pieces.

Inventory:

Hand weapons
 a - a +2,+2 falchion (weapon)
 b - a +0,+0 bow
Missiles
 c - 6 arrows
 r - 7 poisoned needles
Armour
 o - a +0 robe
 s - a +1 leather armour (worn)
 u - a +0 shield
Comestibles
 f - a chunk of gnoll flesh
 g - 11 strawberries
 m - 2 chokos
Scrolls
 h - a scroll of teleportation {unknown}
 j - 4 scrolls of remove curse {unknown}
 k - 2 scrolls of identify {unknown}
 l - a scroll of enchant armour {unknown}
 q - a scroll of amnesia {unknown}
 t - a scroll of blinking {unknown}
Potions
 e - 2 potions of invisibility {unknown}
 i - a potion of mutation {unknown}
 n - a potion of curing {unknown}
 p - a potion of might {unknown}
Books
 d - a book of Debilitation

   Spells                             Type                      Level
   *Corona                            Hexes                        1
   *Slow                              Hexes                        2
   Inner Flame                        Hexes/Fire                   3
   Enslavement                        Hexes                        4
   Cause Fear                         Hexes                        4
   Leda's Liquefaction                Hexes/Earth                  4


   Skills:
 + Level 2.2 Fighting
 * Level 4.2 Bows
 + Level 3.3 Dodging
 - Level 1.2 Spellcasting
 * Level 3.5 Hexes


You had 2 spell levels left.
You knew the following spells:

 Your Spells              Type           Power        Failure   Level  Hunger
a - Corona                Hex            ##.....      6%          1    ##.....
b - Slow                  Hex            ##......     10%         2    ###....


Dungeon Overview and Level Annotations

Branches:
Dungeon (2/15)

Altars:
Okawaru

Annotations:
D:1 Terence


Message History

The gnoll hits you but does no damage.
You see here a flail.
There is an open door here.
The giant cockroach waves its antennae.
Things that are here:
a whip; a gnoll corpse; a gnoll corpse
Casting: Corona
Confirm with . or Enter, or press ? or * to list all spells.
Aiming: Corona
Press: ? - help, Shift-Dir - straight line, f - gnoll
Aim: a gnoll, wielding a halberd (moderately wounded)
The gnoll struggles to resist.
Casting: Corona
Confirm with . or Enter, or press ? or * to list all spells.
Aiming: Corona
Press: ? - help, Shift-Dir - straight line, f/p - gnoll
Aim: a gnoll, wielding a halberd (moderately wounded)
The gnoll struggles to resist.
The gnoll hits you from afar with a halberd!
You die...

#...# #..# ##### #..# #..# #..#
#..# #########..#### #######
#.............#
##.....######.#######..##.#
.......'.....sg.@..##..##.#
.#(..).######.####.##..##.#######
#(....# #.# #.##..##.......#
..###### #.# #.##..########.# ..
##.####.##..# #.# ..
##.).........# #.# ..
##...#........# #.# ..
##...###.......########.# ..
#...........#...........#


You could see a gnoll and a giant cockroach.

Vanquished Creatures
  2 adders (D:2)
  4 gnolls
  A giant mite (D:1)
  4 giant geckos
  A ball python (D:1)
  8 bats
  2 giant cockroaches (D:2)
  5 goblins (D:1)
  7 hobgoblins
  A quokka (D:2)
  2 giant newts
  6 kobolds
  7 rats
50 creatures vanquished.

Notes
Turn   | Place    | Note
--------------------------------------------------------------
     0 | D:1      | dngmouse, the High Elf Arcane Marksman, began the quest for the Orb.
     0 | D:1      | Reached XP level 1. HP: 13/13 MP: 3/3
   132 | D:1      | Reached XP level 2. HP: 16/18 MP: 1/4
   344 | D:1      | Reached XP level 3. HP: 23/23 MP: 4/6
   348 | D:1      | Learned a level 2 spell: Slow
  1844 | D:2      | Reached XP level 4. HP: 26/29 MP: 7/9
  2361 | D:2      | Found an iron altar of Okawaru.
  2361 | D:2      | Noticed Terence
  2761 | D:2      | Reached skill level 4 in Bows
  2811 | D:2      | Slain by a gnoll

Action                   |  1- 3 |  4- 6 || total
-------------------------+-------+-------++-------
Melee: Bow               |     1 |       ||     1
       Short sword       |    86 |    47 ||   133
       Falchion          |       |     4 ||     4
 Fire: Bow               |    49 |    17 ||    66
 Cast: Corona            |    40 |    15 ||    55
       Slow              |     5 |     7 ||    12
